AoeStats
← Nicki D

Arabia

505590121Analyzed
1v1 RM · 22d ago on Sep 10, 2026· 58m 0s· 2 players
Game mode
Random Map
Map size
Tiny (2 player)
Population
200
Speed
Normal
Resources
Standard
Victory
Conquest
Starting age
Dark Age
Ending age
Imperial Age
RankedLock teamsTeams togetherTeam positionsShared explorationLock speedFull tech treeHidden civsTurbo modeCheats
Victory
Defeat
🇦🇺 Saracens · Australia
1022
+16
🇨🇦 Magyars · Canada
1023
-16
Plebtonnia
8:16 Loom
10:26 Feudal Age
11:08 Horse Collar
11:14 Double-Bit Axe
22:33 Castle Age
20:33 Stone Mining
22:01 Fletching
22:11 Padded Archer Armor
24:12 Wheelbarrow
23:36 Bodkin Arrow
23:57 Leather Archer Armor
23:29 Crossbowman
23:41 Pikeman
26:33 Forging
40:36 Scale Barding Armor
41:46 Bloodlines
44:35 Husbandry
49:19 Imperial Age
48:02 Thumb Ring
50:14 Hand Cart
50:33 Conscription
50:23 Heavy Camel Rider
54:47 Chain Barding Armor
Nicki D
6:52 Loom
9:18 Feudal Age
10:09 Double-Bit Axe
15:02 Horse Collar
20:24 Castle Age
18:18 Gold Mining
22:14 Scale Barding Armor
22:22 Stone Mining
23:04 Bloodlines
24:07 Husbandry
30:55 Fletching
42:13 Wheelbarrow
48:56 Imperial Age
46:22 Pikeman
47:35 Corvinian Army
50:40 Chain Barding Armor
Connection lost

Rejoining the realm…

Still unreachable

The connection could not be restored.

Session expired

The server has moved on; the page needs a fresh start.